 Dungeon Crawl Stone Soup version 0.18-a0-1542-g9c1a92e (webtiles) character file.

471 Psiweapon the Chopper (level 7, -12/102 HPs)
             Began as a Hill Orc Chaos Knight on Mar 10, 2016.
             Mangled by trgk's ghost (16 damage)
             ... on level 4 of the Dungeon.
             The game lasted 00:11:35 (2527 turns).

Psiweapon the Chopper (Hill Orc Chaos Knight)       Turns: 2527, Time: 00:11:41

Health: -12/102    AC:  2    Str: 22    XL:     7   Next: 9%
Magic:  7/7        EV: 15    Int: 15    God:    Xom [.*....]
Gold:   199        SH:  8    Dex: 15    Spells: 0 memorised, 6 levels left

rFire  + . .     SeeInvis .     a - +2 hand axe (chaos)
rCold  . . .     Gourm    .     n - -1 robe (curse)
rNeg   . . .     Faith    .     j - +0 shield
rPois  .         Spirit   .     (helmet restricted)
rElec  .         Dismiss  .     (no cloak)
rCorr  .         Reflect  .     (no gloves)
SustAt .         Harm     .     (no boots)
MR     .....     Clarity  +     (no amulet)
Stlth  ..........               q - +3 ring of intelligence (curse)
                                i - +2 ring of slaying

@: agile, berserking, very quick, not resistant to hostile enchantments,
extremely unstealthy
A: horns 2, icy blue scales 1, clarity, fire resistance 1, sense surroundings 1,
robust 1
a: Renounce Religion


You were on level 4 of the Dungeon.
You worshipped Xom.
You were a plaything of Xom.
You were not hungry.

You visited 1 branch of the dungeon, and saw 4 of its levels.

You collected 199 gold pieces.

Inventory:

Hand Weapons
 a - a +2 hand axe of chaos (weapon)
 f - a +0 whip
 m - a +3 whip of venom
 x - a +2 dagger of electrocution
Missiles
 g - 105 stones (quivered)
 h - 5 poisoned needles
 o - 84 bolts
 w - 21 sling bullets
Armour
 b - a +2 leather armour
 j - a +0 shield (worn)
 n - a cursed -1 robe (worn)
Jewellery
 d - an uncursed ring of protection from cold
 i - a +2 ring of slaying (left hand)
 p - a +3 ring of protection
 q - a cursed +3 ring of intelligence (right hand)
Wands
 r - a wand of disintegration (22/24)
 u - a wand of flame (26/48)
 A - a wand of lightning (1/15)
Scrolls
 l - a scroll of amnesia
 y - a scroll of remove curse {unknown}
 C - a scroll of fog
 F - a scroll of recharging
Potions
 e - a potion of magic {unknown}
 k - a potion of cure mutation
 z - a potion of brilliance
 E - a potion of agility
Comestibles
 c - 3 bread rations
 s - a meat ration
 t - a slice of pizza
 v - 2 chunks of flesh
 D - 2 beef jerkies


   Skills:
 + Level 5.7 Fighting
 + Level 6.1 Axes
 + Level 0.2(3.1) Maces & Flails
 + Level 2.9 Armour
 + Level 3.2 Dodging
 + Level 1.2 Stealth
 + Level 1.0 Shields
 + Level 0.4 Evocations


You had 6 spell levels left.
You didn't know any spells.

Dungeon Overview and Level Annotations

Branches:
Dungeon (4/15)
 Temple: D:4-7

Altars:
Makhleb
Trog

Annotations:
D:4 trgk's ghost, amateur MiGl


Innate Abilities, Weirdness & Mutations

You have a pair of horns on your head.
You are partially covered in icy blue scales (AC +1).
You possess an exceptional clarity of mind.
Your flesh is heat resistant.
You passively map a small area around you.
You are robust (+10% HP).


Message History

Trgk's ghost is heavily damaged.
You barely miss the hound.
The hound is almost dead.
The hound barely misses you. You block trgk's ghost's attack.
You block the hound's attack.
Unknown command.
You closely miss trgk's ghost.
Trgk's ghost is heavily damaged.
You hit the hound.
You kill the hound!
Trgk's ghost hits you!
* * * LOW HITPOINT WARNING * * *
Drink which item? (? for menu, Esc to quit)
It was a potion of berserk rage.
A red film seems to cover your vision as you go berserk!
You feel yourself moving faster!
You feel mighty!
Xom thinks this is hilarious!
Trgk's ghost hits you!
You die...
Xom chortles!

#####
##...##
##..♣..##
##§§§$...#
*
##.§§§....#
* *
#..§§§W@..#
* ,
#...♣.....#
* #
#.......# *
##..♣..## ,
* ##...## ,
, ,* #####
, * . , # ,
, ,, .. , *
#.


You could see trgk's ghost.

Vanquished Creatures
  An ogre (D:3)
  A hound (D:4)
  Natasha (thrice) (D:2)
  An orc wizard (D:4)
  2 worker ants (D:4)
  A hound skeleton (D:4)
  4 gnolls (D:3)
  7 adders
  An adder (shapeshifter) (D:1)
  3 worms
  2 dart slugs
  A giant gecko (D:4)
  2 orcs (D:4)
  9 bats
  2 giant cockroaches (D:1)
  7 goblins
  6 hobgoblins
  10 jackals
  A quokka (D:2)
  A giant newt (D:2)
  6 kobolds (D:1)
  8 rats
79 creatures vanquished.

Notes
Turn   | Place    | Note
--------------------------------------------------------------
     0 | D:1      | Psiweapon the Hill Orc Chaos Knight began the quest for the Orb.
     0 | D:1      | Reached XP level 1. HP: 19/19 MP: 1/1
    45 | D:1      | Reached XP level 2. HP: 21/27 MP: 2/2
    45 | D:1      | XOM: harmless Pois miscast
   163 | D:1      | XOM: 8-stop teleportation journey
   199 | D:1      | XOM: scenery: 1 doors open
   282 | D:1      | Reached XP level 3. HP: 31/33 MP: 3/3
   446 | D:1      | Reached skill level 1 in Dodging
   851 | D:1      | XOM: give mutations
   851 | D:1      | Gained mutation: You are partially covered in icy blue scales (AC +1). [Xom's grace]
   851 | D:1      | Gained mutation: You are robust (+10% HP). [Xom's grace]
   851 | D:1      | Gained mutation: Your flesh is heat resistant. [Xom's grace]
   901 | D:1      | XOM: god gift: jewelled gold wand {god gift}
   996 | D:3      | Noticed an ogre
  1006 | D:3      | Killed an ogre
  1006 | D:3      | Reached skill level 5 in Axes
  1006 | D:3      | Reached XP level 4. HP: 13/45 MP: 4/4
  1006 | D:3      | Reached XP level 5. HP: 14/51 MP: 5/5
  1314 | D:2      | Noticed Natasha
  1316 | D:2      | XOM: give mutations
  1316 | D:2      | Gained mutation: You possess an exceptional clarity of mind. [Xom's grace]
  1316 | D:2      | Gained mutation: You have a pair of small horns on your head. [Xom's grace]
  1316 | D:2      | Gained mutation: You passively map a small area around you. [Xom's grace]
  1316 | D:2      | Gained mutation: You have a pair of horns on your head. [Xom's grace]
  1321 | D:2      | Killed Natasha
  1341 | D:2      | XOM: divination: detect creatures
  1470 | D:2      | XOM: vitrification
  1504 | D:2      | XOM: harmless Fire miscast
  1636 | D:3      | Reached skill level 5 in Fighting
  1686 | D:2      | XOM: vitrification
  1795 | D:2      | Noticed Natasha
  1796 | D:2      | Killed Natasha
  1796 | D:2      | Reached XP level 6. HP: 51/61 MP: 6/6
  1938 | D:2      | Noticed Natasha
  1945 | D:2      | Killed Natasha
  2257 | D:3      | Found a burning altar of Makhleb.
  2310 | D:4      | Reached skill level 1 in Stealth
  2322 | D:4      | Reached skill level 6 in Axes
  2336 | D:4      | Found a bloodstained altar of Trog.
  2484 | D:3      | Reached skill level 1 in Shields
  2486 | D:3      | Reached XP level 7. HP: 60/67 MP: 7/7
  2514 | D:4      | Noticed trgk's ghost (amateur MiGl)
  2526 | D:4      | HP: 2/68 [trgk's ghost (14)]
  2527 | D:4      | Mangled by trgk's ghost

Vault maps used:
D:1:      minmay_arrival_cross
D:2:      uniq_natasha
D:3:      bloody_makhleb, minmay_tree_intersection, corexii_shack
D:4:      lemuel_round_altar, grunt_ministairs_9

Skill      XL: |  1  2  3  4  5  6 |
---------------+-------------------+-----
Fighting       | 4 5 |  5.7
Dodging        | 1 2 3 |  3.2
Axes           | 5 6 |  6.1
Stealth        | 1 |  1.2
Shields        | 1 |  1.0
Maces & Flails | |  0.2
Armour         | |  2.9
Evocations     | |  0.4

Action                   |  1- 3 |  4- 6 |  7- 9 || total
-------------------------+-------+-------+-------++-------
Melee: Hand axe          |    58 |    74 |    12 ||   144
       Whip              |    19 |       |       ||    19
Throw: Stone             |     2 |       |       ||     2
Evoke: Wand              |       |     3 |     1 ||     4
  Use: Scroll            |     2 |     5 |       ||     7
       Potion            |     1 |     2 |     2 ||     5
 Stab: Paralysed         |     1 |       |       ||     1
  Eat: Chunk             |       |     5 |       ||     5
